% Time on Ice - KANSAS CITY KILLERBEES
Lines # - Real PCT - Wanted PCT - Time Play
Normal Forward
1 - 35% - 35% - 17:05
2 - 32% - 32% - 15:21
3 - 21% - 20% - 10:19
4 - 12% - 13% - 5:53
Normal Defense
1 - 34% - 36% - 16:32
2 - 34% - 31% - 16:37
3 - 26% - 23% - 12:50
4 - 5% - 10% - 2:39
PP Forward
1 - 66% - 55% - 3:08
2 - 34% - 45% - 1:36
PP Defense
1 - 66% - 55% - 3:08
2 - 34% - 45% - 1:36
PK Forward
1 - 62% - 55% - 4:06
2 - 38% - 45% - 2:32
PK Defense
1 - 41% - 55% - 2:42
2 - 59% - 45% - 3:56
PK3 Forward
1 - 0% - 55%
2 - 0% - 45%
PK3 Defense
1 - 0% - 55%
2 - 0% - 45%
44 Forward
1 - 0% - 55%
2 - 0% - 45%
44 Defense
1 - 0% - 55%
2 - 0% - 45%
Last Minute Offensive  - 0:00
Last Minute Defensive  - 0:00
Total
Forward - 60:00
Defense - 60:00
% Time on Ice - SAN JOSE BRONCOS
Lines # - Real PCT - Wanted PCT - Time Play
Normal Forward
1 - 35% - 36% - 17:09
2 - 32% - 33% - 15:20
3 - 25% - 25% - 12:08
4 - 8% - 6% - 4:01
Normal Defense
1 - 38% - 40% - 18:22
2 - 33% - 35% - 16:16
3 - 29% - 25% - 14:00
4 - 0% - 0% - 0:00
PP Forward
1 - 55% - 58% - 3:38
2 - 45% - 42% - 3:00
PP Defense
1 - 55% - 58% - 3:37
2 - 45% - 42% - 3:01
PK Forward
1 - 57% - 50% - 2:41
2 - 43% - 50% - 2:03
PK Defense
1 - 62% - 50% - 2:57
2 - 38% - 50% - 1:47
PK3 Forward
1 - 0% - 50%
2 - 0% - 50%
PK3 Defense
1 - 0% - 55%
2 - 0% - 45%
44 Forward
1 - 0% - 50%
2 - 0% - 50%
44 Defense
1 - 0% - 50%
2 - 0% - 50%
Last Minute Offensive  - 0:00
Last Minute Defensive  - 0:00
Total
Forward - 60:00
Defense - 60:00
Play-by-Play 1st period 0:01 of 1st period - Brayden Point wins face-off versus Sean Couturier in neutral zone. 0:29 of 1st period - Shot by Zach Hyman. 0:29 of 1st period - Shot Misses the Net. 0:31 of 1st period - Shot by Zach Hyman. 0:31 of 1st period - Deflect By Mark Stone. 0:31 of 1st period - Shot Misses the Net. 1:02 of 1st period - Shot by Nick Schmaltz. 1:02 of 1st period - Shot Blocked by Neal Pionk. 1:08 of 1st period - Shot by Tyler Ennis. 1:08 of 1st period - Stopped by Robin Lehner without a rebound. 1:09 of 1st period - Carl Soderberg wins face-off versus Evgeni Malkin in SAN JOSE BRONCOS zone. 1:34 of 1st period - Shot by Claude Giroux. 1:34 of 1st period - Shot Misses the Net. 1:36 of 1st period - Shot by Evgeni Malkin. 1:36 of 1st period - Deflect By Claude Giroux. 1:36 of 1st period - Stopped by Mikhail Berdin without a rebound. 1:37 of 1st period - Nick Schmaltz wins face-off versus Nick Bonino in KANSAS CITY KILLERBEES zone. 2:08 of 1st period - Icing by Oscar Fantenberg. 2:09 of 1st period - Nick Schmaltz wins face-off versus Evgeni Malkin in KANSAS CITY KILLERBEES zone. 2:21 of 1st period - Icing by Chris Tanev. 2:22 of 1st period - Riley Sheahan wins face-off versus Evgeni Malkin in SAN JOSE BRONCOS zone. 2:22 of 1st period - Trevor Moore is hit by Hampus Lindholm and loses puck. 2:27 of 1st period - Shot by Riley Sheahan. 2:27 of 1st period - Stopped by Robin Lehner with a rebound. 2:29 of 1st period - Shot by Riley Sheahan. 2:29 of 1st period - Shot Hit the Post. 2:47 of 1st period - Connor Brown is hit by Riley Sheahan and loses puck. 3:33 of 1st period - Anthony Beauvillier is hit by Jakub Zboril. 4:27 of 1st period - Shot by Brayden Point. 4:27 of 1st period - Shot Blocked by Colin Miller. 4:29 of 1st period - Shot by Jaccob Slavin. 4:29 of 1st period - Stopped by Mikhail Berdin without a rebound. 4:30 of 1st period - David Kampf wins face-off versus Nick Schmaltz in KANSAS CITY KILLERBEES zone. 4:48 of 1st period - Shot by Charlie Coyle. 4:48 of 1st period - Stopped by Mikhail Berdin with a rebound. 4:50 of 1st period - Shot by Charlie Coyle. 4:50 of 1st period - Shot Misses the Net. 4:52 of 1st period - Shot by Jaccob Slavin. 4:52 of 1st period - Shot Misses the Net. 4:54 of 1st period - Shot by Jaccob Slavin. 4:54 of 1st period - Stopped by Mikhail Berdin without a rebound. 4:55 of 1st period - Mark Stone wins face-off versus Oliver Bjorkstrand in KANSAS CITY KILLERBEES zone. 5:08 of 1st period - Icing by Hampus Lindholm. 5:09 of 1st period - Brayden Point wins face-off versus Carl Soderberg in SAN JOSE BRONCOS zone. 5:44 of 1st period - Shot by Josh Archibald. 5:44 of 1st period - Shot Misses the Net. 5:46 of 1st period - Shot by Cam Fowler. 5:46 of 1st period - Shot Misses the Net. 5:52 of 1st period - Shot by Zach Aston-Reese. 5:52 of 1st period - Deflect By Carl Soderberg. 5:52 of 1st period - Stopped by Robin Lehner with a rebound. 6:28 of 1st period - Shot by Evgeni Malkin. 6:28 of 1st period - Stopped by Mikhail Berdin without a rebound. 6:29 of 1st period - Sean Couturier wins face-off versus Nick Bonino in KANSAS CITY KILLERBEES zone. 7:00 of 1st period - Shot by Mark Stone. 7:00 of 1st period - Stopped by Robin Lehner without a rebound. 7:01 of 1st period - Evgeni Malkin wins face-off versus Riley Sheahan in SAN JOSE BRONCOS zone. 7:14 of 1st period - Shot by Connor Brown. 7:14 of 1st period - Goal by Connor Brown - KANSAS CITY KILLERBEES : 0 - SAN JOSE BRONCOS : 1. 7:15 of 1st period - Charlie Coyle wins face-off versus Tyler Ennis in neutral zone. 8:13 of 1st period - Shot by Connor Brown. 8:13 of 1st period - Stopped by Mikhail Berdin without a rebound. 8:14 of 1st period - Brayden Point wins face-off versus Sean Couturier in KANSAS CITY KILLERBEES zone. 10:09 of 1st period - Shot by Nick Bonino. 10:09 of 1st period - Stopped by Mikhail Berdin without a rebound. 10:10 of 1st period - Nick Schmaltz wins face-off versus Charlie Coyle in KANSAS CITY KILLERBEES zone. 10:19 of 1st period - Shot by Nick Schmaltz. 10:19 of 1st period - Shot Misses the Net. 10:25 of 1st period - Shot by Nick Schmaltz. 10:25 of 1st period - Stopped by Robin Lehner without a rebound. 10:26 of 1st period - Carl Soderberg wins face-off versus Nick Bonino in SAN JOSE BRONCOS zone. 10:28 of 1st period - Zach Aston-Reese is hit by Chris Tanev and loses puck. 10:47 of 1st period - Shot by Carl Soderberg. 10:47 of 1st period - Goal by Carl Soderberg - KANSAS CITY KILLERBEES : 1 - SAN JOSE BRONCOS : 1. 10:48 of 1st period - Nick Schmaltz wins face-off versus Evgeni Malkin in neutral zone. 10:50 of 1st period - Off-side. 10:51 of 1st period - Evgeni Malkin wins face-off versus Nick Schmaltz in neutral zone. 10:51 of 1st period - Evgeni Malkin is hit by Tyler Ennis. 11:03 of 1st period - Tyler Ennis is hit by Jaccob Slavin and loses puck. 11:06 of 1st period - Shot by Ryan Dzingel. 11:06 of 1st period - Shot Misses the Net. 11:27 of 1st period - Shot by Nick Schmaltz. 11:27 of 1st period - Stopped by Robin Lehner with a rebound. 11:53 of 1st period - Off-side. 11:54 of 1st period - Brayden Point wins face-off versus Carl Soderberg in neutral zone. 12:04 of 1st period - Brayden Point is hit by Jakub Zboril and loses puck. 12:08 of 1st period - Icing by Josh Archibald. 12:09 of 1st period - Carl Soderberg wins face-off versus Nick Bonino in KANSAS CITY KILLERBEES zone. 12:18 of 1st period - Shot by Josh Archibald. 12:18 of 1st period - Shot Misses the Net. 12:32 of 1st period - Shot by Zach Aston-Reese. 12:32 of 1st period - Stopped by Robin Lehner without a rebound. 12:33 of 1st period - Sean Couturier wins face-off versus Brayden Point in SAN JOSE BRONCOS zone. 13:56 of 1st period - Tyler Ennis is hit by Adam Pelech and loses puck. 14:47 of 1st period - Shot by Anthony Beauvillier. 14:47 of 1st period - Shot Blocked by Riley Sheahan. 14:53 of 1st period - Shot by Craig Smith. 14:53 of 1st period - Goal by Craig Smith - KANSAS CITY KILLERBEES : 1 - SAN JOSE BRONCOS : 2. 14:54 of 1st period - Evgeni Malkin wins face-off versus Sean Couturier in neutral zone. 15:06 of 1st period - Zach Hyman is hit by Chris Tanev and loses puck. 15:21 of 1st period - Shot by Evgeni Malkin. 15:21 of 1st period - Shot Misses the Net. 15:40 of 1st period - Shot by Zach Hyman. 15:40 of 1st period - Stopped by Robin Lehner with a rebound. 16:18 of 1st period - Shot by Zach Aston-Reese. 16:18 of 1st period - Stopped by Robin Lehner with a rebound. 16:48 of 1st period - Icing by Carl Soderberg. 16:49 of 1st period - Nick Bonino wins face-off versus Carl Soderberg in KANSAS CITY KILLERBEES zone. 16:52 of 1st period - Shot by Craig Smith. 16:52 of 1st period - Shot Misses the Net. 17:09 of 1st period - Off-side. 17:10 of 1st period - Tyler Ennis wins face-off versus Oliver Bjorkstrand in neutral zone. 17:18 of 1st period - Icing by Hampus Lindholm. 17:19 of 1st period - Brayden Point wins face-off versus Sean Couturier in SAN JOSE BRONCOS zone. 17:19 of 1st period - Oliver Bjorkstrand is hit by Mark Stone and loses puck. 17:52 of 1st period - Minor Penalty to Mark Stone for Interference. 17:53 of 1st period - Evgeni Malkin wins face-off versus Carl Soderberg in KANSAS CITY KILLERBEES zone. 19:06 of 1st period - Shot by Brayden Point. 19:06 of 1st period - Deflect By Elias Lindholm. 19:06 of 1st period - Shot Misses the Net. 19:08 of 1st period - Shot by Connor Brown. 19:08 of 1st period - Goal by Connor Brown - KANSAS CITY KILLERBEES : 1 - SAN JOSE BRONCOS : 3. 19:09 of 1st period - Nick Schmaltz wins face-off versus Craig Smith in neutral zone. 19:18 of 1st period - Shot by Tyler Ennis. 19:18 of 1st period - Stopped by Robin Lehner without a rebound. 19:19 of 1st period - Nick Bonino wins face-off versus Sean Couturier in SAN JOSE BRONCOS zone. 19:39 of 1st period - Minor Penalty to Chris Tanev for Hooking. 19:40 of 1st period - Nick Bonino wins face-off versus Carl Soderberg in SAN JOSE BRONCOS zone. Goals for this period are 1 for KANSAS CITY KILLERBEES vs 3 for SAN JOSE BRONCOS. Shots for this period are 11 for KANSAS CITY KILLERBEES vs 10 for SAN JOSE BRONCOS. 2nd period 0:01 of 2nd period - Sean Couturier wins face-off versus Evgeni Malkin in neutral zone. 0:41 of 2nd period - Icing by Sean Couturier. 0:42 of 2nd period - Sean Couturier wins face-off versus Nick Bonino in KANSAS CITY KILLERBEES zone. 1:46 of 2nd period - Minor Penalty to Colin Miller for High sticking. 1:47 of 2nd period - Elias Lindholm wins face-off versus Carl Soderberg in KANSAS CITY KILLERBEES zone. 1:48 of 2nd period - Shot by Brayden Point. 1:48 of 2nd period - Stopped by Mikhail Berdin without a rebound. 1:49 of 2nd period - Brayden Point wins face-off versus Carl Soderberg in KANSAS CITY KILLERBEES zone. 2:12 of 2nd period - Shot by Elias Lindholm. 2:12 of 2nd period - Shot Misses the Net. 2:18 of 2nd period - Shot by Elias Lindholm. 2:18 of 2nd period - Shot Misses the Net. 2:20 of 2nd period - Shot by Elias Lindholm. 2:20 of 2nd period - Shot Hit the Post. 2:22 of 2nd period - Shot by Chris Tanev. 2:22 of 2nd period - Stopped by Mikhail Berdin without a rebound. 2:23 of 2nd period - Evgeni Malkin wins face-off versus Carl Soderberg in KANSAS CITY KILLERBEES zone. 2:23 of 2nd period - Evgeni Malkin is hit by Alexandre Carrier. 3:05 of 2nd period - Shot by Claude Giroux. 3:05 of 2nd period - Shot Misses the Net. 3:07 of 2nd period - Shot by Oliver Bjorkstrand. 3:07 of 2nd period - Deflect By Evgeni Malkin. 3:07 of 2nd period - Stopped by Mikhail Berdin without a rebound. 3:08 of 2nd period - Riley Sheahan wins face-off versus Brayden Point in KANSAS CITY KILLERBEES zone. 3:22 of 2nd period - Shot by Hampus Lindholm. 3:22 of 2nd period - Shot Misses the Net. 3:24 of 2nd period - Shot by Elias Lindholm. 3:24 of 2nd period - Deflect By Brayden Point. 3:24 of 2nd period - Stopped by Mikhail Berdin with a rebound. 3:42 of 2nd period - Shot by Brayden Point. 3:42 of 2nd period - Shot Misses the Net. 4:01 of 2nd period - Icing by Adam Pelech. 4:02 of 2nd period - Sean Couturier wins face-off versus Nick Bonino in SAN JOSE BRONCOS zone. 4:07 of 2nd period - Shot by Mark Stone. 4:07 of 2nd period - Shot Misses the Net. 5:33 of 2nd period - Shot by Claude Giroux. 5:33 of 2nd period - Stopped by Mikhail Berdin without a rebound. 5:34 of 2nd period - Riley Sheahan wins face-off versus Elias Lindholm in KANSAS CITY KILLERBEES zone. 6:35 of 2nd period - Shot by Evgeni Malkin. 6:35 of 2nd period - Stopped by Mikhail Berdin without a rebound. 6:36 of 2nd period - Nick Schmaltz wins face-off versus Evgeni Malkin in KANSAS CITY KILLERBEES zone. 6:56 of 2nd period - Icing by Jaccob Slavin. 6:57 of 2nd period - Sean Couturier wins face-off versus Connor Brown in SAN JOSE BRONCOS zone. 7:11 of 2nd period - Shot by Mark Stone. 7:11 of 2nd period - Deflect By Sean Couturier. 7:11 of 2nd period - Shot Misses the Net. 7:13 of 2nd period - Shot by Zach Hyman. 7:13 of 2nd period - Goal by Zach Hyman - KANSAS CITY KILLERBEES : 2 - SAN JOSE BRONCOS : 3. 7:14 of 2nd period - Brayden Point wins face-off versus Nick Schmaltz in neutral zone. 8:07 of 2nd period